 Dungeon Crawl Stone Soup version 0.26-a0-466-g989023bd0d (webtiles) character file.

Game seed: 3125490175060942619

561 Inarius the Sneak (level 7, -10/44 HPs)
             Began as a Kobold Wanderer on Aug 14, 2020.
             Killed by divine providence
             ... invoked by an orc priest
              (12 damage)
             ... on level 5 of the Dungeon.
             The game lasted 00:06:04 (5430 turns).

Inarius the Sneak (Kobold Wanderer)                 Turns: 5430, Time: 00:06:05

Health: -10/44     AC:  5    Str:  9    XL:     7   Next: 57%
Magic:  7/7        EV: 17    Int: 12    God:
Gold:   275        SH:  0    Dex: 24    Spells: 6/6 levels left

rFire    + . .     SeeInvis .   a - +2 dagger
rCold    . . .     Faith    .   (shield restricted)
rNeg     . . .     Spirit   .   p - +0 robe {rF+}
rPois    .         Reflect  .   h - +0 helmet
rElec    .         Harm     .   e - +1 cloak
rCorr    +                      (no gloves)
MR       .....                  (no boots)
Stlth    +++++.....             (no amulet)
HPRegen  0.14/turn              x - ring of resist corrosion
MPRegen  0.10/turn              B - +6 ring of dexterity

@: hasted (expiring), very quick
A: small, nightstalker 3
a: no special abilities


You were on level 5 of the Dungeon.
You visited 2 branches of the dungeon, and saw 6 of its levels.

You collected 275 gold pieces.

Inventory:

Hand Weapons
 a - a +2 dagger (weapon)
 c - a +0 falchion
Missiles
 A - 2 silver boomerangs (quivered)
Armour
 e - a +1 cloak (worn)
 h - a +0 helmet (worn)
 p - a +0 robe of fire resistance (worn)
 z - a +0 hat of see invisible
Jewellery
 x - a ring of resist corrosion (left hand)
 B - a +6 ring of dexterity (right hand)
Wands
 d - a wand of flame (14)
Scrolls
 b - a scroll of blinking
 g - 2 scrolls of identify
 i - 2 scrolls of immolation
 j - 2 scrolls of magic mapping
 l - a scroll of noise
 q - 4 scrolls of remove curse
Potions
 f - a potion of ambrosia {unknown}
 m - 2 potions of might
 n - a potion of invisibility {unknown}
 r - a potion of degeneration {unknown}
 s - a potion of flight {unknown}
 t - a potion of haste
 w - 2 potions of brilliance {unknown}


   Skills:
 + Level 5.6 Fighting
 * Level 5.7(6.3) Short Blades
 - Level 2.4(3.3) Long Blades
 + Level 0.3 Throwing
 + Level 3.5 Dodging
 + Level 5.8 Stealth
   Level 1.0 Shields


You had 6 spell levels left.
You didn't know any spells.
Your spell library was empty.

Dungeon Overview and Level Annotations

Branches:
Dungeon (5/15)             Temple (1/1) D:4

Altars:
Gozag
Kikubaaqudgha
Makhleb
Nemelex Xobeh
Trog
Vehumet
Xom
Yredelemnul
Lugonu


Innate Abilities, Weirdness & Mutations

You are small and have problems with some larger weapons.
You are completely attuned to the shadows.


Message History

The orc priest is severely wounded.
You hit the orc priest.
The orc priest is severely wounded.
The orc priest looks braver for a moment.
You hit the orc priest but do no damage.
The orc priest is severely wounded.
You hit the orc priest.
The orc priest is almost dead.
The orc priest calls down the wrath of Beogh upon you.
Beogh smites you!
* * * LOW HITPOINT WARNING * * *
Okay, then.
Unknown command.
You hit the orc priest but do no damage.
The orc priest is almost dead.
You closely miss the orc priest.
The orc priest is almost dead.
The orc priest invokes the aid of Beogh against you.
Beogh smites you!
You die...

####
########..##
#..........#
#.....@....#
#$....oo..##
##........#
#....)....#
######...#..♣♣♣♣
.#..#..#.##>♣♣
.......##..♣♣
...........♣
..##...##W.♣♣


You could see an orc priest and an orc.

Vanquished Creatures
  An ogre (D:4)
  A phantom (D:5)
  Blork the orc (D:4)
  A howler monkey (D:5)
  A hound (D:4)
  A jelly (D:5)
  An orc wizard (D:5)
  A centaur skeleton (D:5)
  A worker ant (D:5)
  A killer bee zombie (D:5)
  5 adders
  An ufetubus (D:4)
  2 worms
  2 dart slugs
  5 leopard geckos
  3 orcs
  4 bats
  7 giant cockroaches
  6 hobgoblins
  5 jackals
  A quokka (D:4)
  A frilled lizard (D:2)
  4 goblins
  5 kobolds
  8 rats
69 creatures vanquished.

Notes
Turn   | Place    | Note
-------+----------+-------------------------------------------
     0 | D:1      | Inarius the Kobold Wanderer began the quest for the Orb.
     0 | D:1      | Inarius set off with the following items: a +2 dagger, a
                  | scroll of blinking, a +0 falchion, a potion of
                  | lignification, a +0 robe
     0 | D:1      | Reached XP level 1. HP: 16/16 MP: 1/1
   568 | D:1      | Reached XP level 2. HP: 20/20 MP: 2/2
   788 | D:1      | Reached skill level 1 in Short Blades
  1029 | D:2      | Reached XP level 3. HP: 14/25 MP: 3/3
  1312 | D:2      | Reached skill level 5 in Fighting
  1860 | D:2      | Reached XP level 4. HP: 31/31 MP: 4/4
  2807 | D:3      | Found an opulent altar of Gozag.
  2807 | D:3      | Found a sparkling altar of Nemelex Xobeh.
  3386 | D:4      | Found a bloodstained altar of Trog.
  3553 | D:4      | Reached XP level 5. HP: 18/35 MP: 5/5
  3750 | D:4      | Noticed an ogre
  3754 | D:4      | Killed an ogre
  3792 | D:4      | Reached XP level 6. HP: 32/40 MP: 6/6
  3945 | D:4      | Found a staircase to the Ecumenical Temple.
  4172 | Temple   | Entered the Ecumenical Temple
  4482 | D:4      | Noticed Blork the orc
  4510 | D:4      | Killed Blork the orc
  4510 | D:4      | Reached skill level 5 in Stealth
  4865 | D:5      | Entered Level 5 of the Dungeon
  4960 | D:5      | Reached XP level 7. HP: 35/44 MP: 7/7
  4998 | D:5      | Reached skill level 5 in Short Blades
  5428 | D:5      | HP: 2/44 [orc priest/divine providence (11)]
  5430 | D:5      | Killed from afar by an orc priest

Illustrated notes

Levels and vault maps discovered:
D:1:      psy_arrival_fountain, layout_loops_corners
D:2:      layout_loops_ring
D:3:      layout_basic, grunt_temple_overflow_opulence
D:4:      layout_cave_pods, minmay_temple_entry_mini_moons, trog_hazing_becter,
          uniq_blork_the_orc
D:5:      layout_cave_pools, good_gods_temple_1
Temple:   corrupted_temple

Skill      XL: |  1  2  3  4  5  6  7 |
---------------+----------------------+-----
Short Blades   | 1 2 4 5 |  5.7
Stealth        | 2 3 4 5 |  5.8
Fighting       | 5 |  5.6
Dodging        | 2 3 |  3.5
Long Blades    | |  2.4
Throwing       | |  0.3
Shields        | |  1.0

Action                   |  1- 3 |  4- 6 |  7- 9 || total
-------------------------+-------+-------+-------++-------
Melee: Dagger            |    71 |   193 |    69 ||   333
Throw: Boomerang         |       |     1 |     5 ||     6
Evoke: Wand              |       |       |     2 ||     2
  Use: Scroll            |       |     4 |     7 ||    11
       Potion            |       |     1 |     4 ||     5
 Stab: Sleeping          |     9 |    13 |       ||    22
       Distracted        |       |     2 |     1 ||     3
Armor: Robe              |    10 |    36 |    10 ||    56
       Skin              |       |     4 |       ||     4
Dodge: Dodged            |    39 |   122 |    27 ||   188

Table legend: (Time is in decaauts)
 A = Elapsed time spent in this place.
 B = Non-inter-level travel time spent in this place.
 C = Inter-level travel time spent in this place.
 D = Time resting spent in this place.
 E = Time spent auto-exploring this place.
 F = Levels seen in this place.
 G = Mean time per level.
                   A        B        C        D        E       F      G
               +--------+--------+--------+--------+--------+-----+--------+
         Total |   5345 |   5240 |    105 |   1372 |   3191 |   6 |  890.8 |
       Dungeon |   5294 |   5190 |    104 |   1372 |   3156 |   5 | 1058.8 |
        Temple |     50 |     50 |      0 |      0 |     35 |   1 |   50.0 |
               +--------+--------+--------+--------+--------+-----+--------+

Top non-repeatable levels by time:
     D:4: 1896 daAuts
     D:2: 1202 daAuts
     D:1: 993 daAuts
     D:3: 883 daAuts
     D:5: 317 daAuts
  Temple: 50 daAuts
